 Dungeon Crawl Stone Soup version 0.28-a0-46-g7b1be97da7 (webtiles) character file.

Game seed: 1259891586055782580

115756 Mesmaeker13 the Brawler (level 16, 0/154 HPs)
             Began as a Ghoul Warper on July 29, 2021.
             Was a High Priest of Nemelex Xobeh.
             Slain by a guardian serpent (10 damage)
             ... on level 3 of the Lair of Beasts.
             The game lasted 01:11:19 (48177 turns).

Mesmaeker13 the Brawler (Ghoul Warper)             Turns: 48177, Time: 01:11:19

Health: 0/154      AC: 22    Str: 19    XL:     16   Next: 69%
Magic:  27/27      EV: 10    Int: 14    God:    Nemelex Xobeh [*****.]
Gold:   3813       SH:  5    Dex:  8    Spells: 23/31 levels left

rFire   + . .      SeeInvis .     - Unarmed
rCold   + + .      Faith    .   (no shield)
rNeg    + + +      Spirit   .   Z - +1 chain mail {rC+}
rPois   ∞          Reflect  +   T - +1 hat "Omyole" {Rampage Int+3}
rElec   .          Harm     .   J - +1 cloak {Stlth+}
rCorr   .          Rampage  +   y - -2 pair of gloves of Entitlement {Will+}
Will    ++...                   N - +2 pair of boots {Fly}
Stlth   ..........              p - amulet of reflection
HPRegen 0.00/turn               j - +4 ring of protection
MPRegen 0.20/turn               G - ring of protection from fire

@: flying, inhibited regen, studying Axes
A: claws 1, cold resistance 1, negative energy resistance 3, inhibited
regeneration, torment resistance 2
a: Renounce Religion, Draw Escape, Draw Destruction, Draw Summoning, Triple
Draw, Deal Four, Stack Five


You were on level 3 of the Lair of Beasts.
You worshipped Nemelex Xobeh.
Nemelex Xobeh was extremely pleased with you.
You visited 5 branches of the dungeon, and saw 25 of its levels.
You also visited: Volcano.

You collected 3813 gold pieces.

Inventory:

Hand Weapons
 n - the +10 spear "Gewu" {vorpal, *Noise +Rage Str+7 Int-3}
   (You found it on level 5 of the Dungeon)

   It inflicts extra damage upon your enemies.
   Str:       It affects your strength (+7).
   Int:       It affects your intelligence (-3).
   +Rage:     It lets you go berserk.
   *Noise:    It may make noises in combat.
 M - a +5 scimitar of freezing
Missiles
 c - 5 boomerangs of dispersal (quivered)
 k - 25 boomerangs
 I - 24 javelins
 L - 2 throwing nets
Armour
 g - a +0 chain mail
 y - the -2 pair of gloves of Entitlement (worn) {Will+}
   (You found it on level 4 of the Dungeon)

   Will:      It increases your willpower.
 C - a +3 leather armour of fire resistance
 J - a +1 cloak of stealth (worn)
 N - a +2 pair of boots of flying (worn)
 R - a +2 buckler
 T - the +1 hat "Omyole" (worn) {Rampage Int+3}
   (You found it on level 2 of the Orcish Mines)

   Int:       It affects your intelligence (+3).
   Rampage:   It bestows one free step when moving towards enemies.
 V - a +1 helmet of see invisible
 Z - a +1 chain mail of cold resistance (worn)
Jewellery
 j - a +4 ring of protection (left hand)
 p - an amulet of reflection (around neck)
 u - a ring of protection from fire
 F - the ring of Diqen {Wiz rC+}
   (You found it on level 7 of the Dungeon)

   [ring of wizardry]

   It improves your spell success rate.
   rC:        It protects you from cold.
 G - a ring of protection from fire (right hand)
Wands
 A - a wand of charming (1)
 S - a wand of digging (3)
 U - a wand of paralysis (5)
Scrolls
 a - 2 scrolls of fear
 b - 3 scrolls of blinking
 d - 7 scrolls of enchant weapon
 f - 6 scrolls of noise
 h - 3 scrolls of teleportation
 i - 3 scrolls of enchant armour
 s - 3 scrolls of fog
 v - a scroll of vulnerability {unknown}
 w - 2 scrolls of amnesia {unknown}
 D - a scroll of torment
 K - 2 scrolls of magic mapping
 Q - a scroll of brand weapon
Potions
 e - a potion of invisibility
 l - 4 potions of heal wounds
 m - 9 potions of curing
 o - a potion of magic
 q - 2 potions of cancellation
 r - a potion of might
 t - a potion of ambrosia {unknown}
 x - a potion of attraction
 z - 3 potions of brilliance
 B - 2 potions of resistance {unknown}
 H - 3 potions of flight
 P - a potion of degeneration {unknown}
 X - a potion of haste {unknown}


   Skills:
 + Level 16.8 Fighting
 - Level 2.3 Throwing
 - Level 9.2 Armour
 + Level 9.3 Dodging
 + Level 17.7 Unarmed Combat
 - Level 8.2 Spellcasting
 + Level 8.4 Translocations
 + Level 13.2 Invocations


You had 23 spell levels left.
You knew the following spells:

 Your Spells              Type           Power      Damage    Failure   Level
a - Blink                 Tloc           N/A        N/A       4%          2
b - Gell's Gravitas       Tloc           14%        N/A       10%         3
c - Lesser Beckoning      Tloc           14%        N/A       10%         3

Your spell library contained the following spells:

 Spells                   Type           Power      Damage    Failure   Level
 Teleport Other           Tloc           29%        N/A       10%         3
 Portal Projectile        Hex/Tloc       34%        N/A       47%         3
 Manifold Assault         Tloc           29%        N/A       65%         5
 Magic Dart               Conj           20%        1d4       71%         1
 Pain                     Necr           20%        1d5       71%         1
 Shock                    Conj/Air       20%        1d4       71%         1
 Call Imp                 Summ           5%         N/A       83%         2
 Searing Ray              Conj           10%        3d3       83%         2
 Static Discharge         Conj/Air       5%         N/A       83%         2
 Iskenderun's Mystic Bla  Conj/Tloc      17%        2d5       87%         4
 Call Canine Familiar     Summ           5%         N/A       97%         3
 Conjure Flame            Conj/Fire      5%         6-21      97%         3
 Dazzling Flash           Conj/Hex       10%        N/A       97%         3
 Ignite Poison            Fire/Tmut/Pois 5%         N/A       97%         3
 Mephitic Cloud           Conj/Pois/Air  5%         N/A       97%         3
 Stone Arrow              Conj/Erth      10%        3d7       97%         3
 Airstrike                Air            2%         N/A       100%        4
 Animate Armour           Summ/Erth      10%        N/A       100%        4
 Fulminant Prism          Conj/Hex       2%         3d6       100%        4
 Leda's Liquefaction      Hex/Erth       2%         N/A       100%        4
 Sticky Flame             Conj/Fire      5%         2d3       100%        4
 Summon Lightning Spire   Summ/Air       5%         N/A       100%        4
 Agony                    Necr           5%         N/A       100%        5
 Bolt of Magma            Conj/Fire/Erth 2%         4d4       100%        5
 Excruciating Wounds      Necr           2%         N/A       100%        5
 Lee's Rapid Deconstruct  Erth           2%         3d6*      100%        5
 Lightning Bolt           Conj/Air       2%         1d14      100%        5
 Silence                  Hex/Air        2%         N/A       100%        5
 Yara's Violent Unravell  Hex/Tmut       2%         3d3       100%        5
 Monstrous Menagerie      Summ           2%         N/A       100%        7
 Lehudib's Crystal Spear  Conj/Erth      2%         10d2      100%        8
 Maxwell's Capacitive Co  Air            2%         ∞         100%        8
 Beastly Appendage        Tmut           Unusable   N/A       N/A         1
 Statue Form              Tmut/Erth      Unusable   N/A       N/A         6

Dungeon Overview and Level Annotations

Branches:
Dungeon (15/15)            Temple (1/1) D:4            Lair (6/6) D:10
  Swamp (0/4) Lair:2        Snake (1/4) Lair:3        Slime (0/5) Lair:6
    Orc (2/2) D:11            Elf (0/3) Orc:2        Vaults (0/5) D:13
 Depths (0/5) D:15        Volcano (visited)

Altars:
Ashenzari
Cheibriados
Dithmenos
Elyvilon
Fedhas
Gozag
Hepliaklqana
Kikubaaqudgha
Makhleb
Nemelex Xobeh
Okawaru
Qazlal
Ru
Sif Muna
Trog
Uskayaw
Vehumet
Wu Jian
Xom
Yredelemnul
Zin
The Shining One
Beogh
Jiyva
Lugonu

Shops:
D:3 :(   D:6 !   D:10 [   Orc:1 (   Orc:2 ([(!

Portals:
Abyss: Lair:6
Trove: D:10 (give +6 demon whip)

Annotations:
D:2 Sigmund
D:11 1 runed translucent door


Innate Abilities, Weirdness & Mutations

You thrive by killing the living.
You are immune to poison.
You have sharp fingernails.
Your flesh is cold resistant. (rC+)
You are immune to negative energy. (rN+++)
You do not regenerate when monsters are visible.
You are immune to unholy pain and torment.


Message History

The guardian serpent barely misses you. The salamander hits you.
* * * LOW HITPOINT WARNING * * *
You are engulfed in flames!
You resist.
* * * LOW HITPOINT WARNING * * *
You hit the salamander.
The salamander is moderately wounded.
The guardian serpent hits you!
* * * LOW HITPOINT WARNING * * *
You barely miss the salamander.
The salamander is moderately wounded.
The guardian serpent hits you!
* * * LOW HITPOINT WARNING * * *
The salamander hits you but does no damage.
You punch the salamander!
The salamander is heavily wounded.
The guardian serpent hits you but does no damage.
You block the salamander's attack.
Unknown command.
You hit the salamander.
The salamander is heavily wounded.
You block the guardian serpent's attack.
You pummel the salamander!!
You kill the salamander!
You feel better.
The guardian serpent coils itself and waves its upper body at you.
The bolt of poison hits you but does no damage.
You resist. The guardian serpent hits you!
* * * LOW HITPOINT WARNING * * *
The guardian serpent hits you.
* * * LOW HITPOINT WARNING * * *
Things that are here:
a +0 shortbow of flaming; 10 arrows Unknown command.
The guardian serpent closely misses you.
The guardian serpent hits you but does no damage.
There is a staircase to the Snake Pit, spattered with blood here.
The guardian serpent hits you!
You die...
Your body glows with a rainbow of weird colours and disappears.

.#.+.####....###.≈≈..#....#.#....
.##.#####.......≈≈≈≈≈............
###'..#P#.....≈≈≈≈†≈≈≈...........
..............≈≈≈...≈≈≈..........
............P≈≈≈.....≈≈≈≈........
.............≈≈.≈.....≈≈.........
.............≈≈...>)≈.≈≈.........
.####........≈≈....)..≈≈≈.#..##..
.####.##.....≈≈≈@S...≈≈≈.>.######
..#...P.......≈≈≈.P.≈≈≈...###.###
...............≈≈≈≈≈≈≈....##...#
..#....#.....##.≈≈≈≈≈.....###..##
......##.....###....≈#.....##..##
............S[###.#####...####.##
..#...##.....## #######....##..##
.#.#..#......S######.##...####.##
.................................


You could see a guardian serpent.

Vanquished Creatures
  Kirke (Lair:6)
  Roxanne (D:14)
  A stone giant (D:15)
  Josephine (D:11)
  Snorg (D:11)
  Harold (Orc:1)
  A rakshasa (D:15)
  An ice dragon (shapeshifter) (Lair:6)
  3 anacondas
  4 naga warriors
  12 centaur warriors
  12 hydras
  7 boulder beetles
  5 two-headed ogres
  2 dancing weapons (D:13)
  Urug (Lair:6)
  2 thrashing horrors (Lair:6)
  Sonja (Lair:6)
  Nergalle (D:11)
  2 sun demons (Volcano)
  8 skeletal warriors
  A naga ritualist (Snake:1)
  A shadow demon (D:11)
  A wizard (D:14)
  A lindwurm (Lair:5)
  4 ugly things
  A necromancer (D:11)
  3 mana vipers
  4 deep elf pyromancers
  A deep elf zephyrmancer (Orc:2)
  An orb spider (shapeshifter) (D:14)
  3 cyclopes
  2 salamanders
  3 manticores
  8 orc sorcerers (Orc:2)
  Maurice (D:8)
  12 black mambas
  10 elephants
  A naga mage (Snake:1)
  A guardian serpent (Lair:3)
  12 cane toads
  A gargoyle (D:10)
  Maggie (Lair:2)
  6 smoke demons
  A komodo dragon (shapeshifter) (D:14)
  3 kobold demonologists (D:11)
  A freezing wraith (D:11)
  An unseen horror (D:12)
  An efreet (D:12)
  2 rime drakes
  8 komodo dragons
  2 ancient zymes (Lair:6)
  A tengu conjurer (D:11)
  7 trolls
  A polar bear (Lair:1)
  A meliai (shapeshifter) (D:14)
  A raiju (D:13)
  5 slime creatures
  16 blink frogs
  A spriggan (Lair:6)
  2 shadows
  9 wraiths
  A ynoxinul (Lair:6)
  A vampire (D:11)
  A fire elemental (D:15)
  4 wyverns
  A hog (Lair:6)
  50 yaks
  7 basilisks
  9 steam dragons
  13 vampire mosquitoes
  4 chaos spawn (Lair:6)
  Menkaure (D:7)
  2 large abominations (Lair:6)
  6 wargs
  5 nagas
  An acid dragon (D:12)
  2 swamp worms
  11 water moccasins
  2 hell hounds (Volcano)
  A swamp drake (Orc:2)
  16 orc warriors
  A black bear (D:5)
  2 ice beasts
  3 necrophages
  8 ogres
  16 wolves
  3 phantoms
  16 centaurs
  7 kobold brigands
  12 bullfrogs
  3 gnoll sergeants
  2 scorpions
  9 wights
  16 killer bees
  A troll skeleton (D:10)
  5 spriggan skeletons (D:10)
  5 howler monkeys
  3 centaur zombies
  A bullfrog zombie (D:5)
  A crimson imp (Orc:2)
  3 jellies
  15 orc priests
  11 small abominations (Lair:6)
  2 hounds (D:6)
  A centaur skeleton (D:7)
  An iron imp (Orc:2)
  3 iguanas
  47 orc wizards
  2 yak simulacra (D:11)
  2 killer bee zombies (D:6)
  2 wolf simulacra (D:11)
  5 polar bear simulacra (D:11)
  Robin (D:2)
  A howler monkey zombie (D:8)
  A howler monkey skeleton (D:6)
  13 adders
  15 gnolls
  A shadow imp (Orc:2)
  3 white imps
  2 ufetubi
  An adder skeleton (D:4)
  3 dart slugs
  90 orcs
  7 ball pythons
  5 bats
  11 endoplasms
  4 giant cockroaches
  7 goblins
  4 hobgoblins
  A jackal (D:3)
  4 quokkas
  3 training dummies (Orc:1)
  A frilled lizard (D:2)
  16 kobolds
  4 rats
  2 river rat simulacra (D:11)
756 creatures vanquished.

Vanquished Creatures (collateral kills)
  A fire dragon (Volcano)
  A thrashing horror (Lair:6)
  A sun demon (Volcano)
  A skeletal warrior (D:15)
  A smoke demon (Volcano)
  Grum (D:9)
6 creatures vanquished.

Vanquished Creatures (others)
  A blink frog (Lair:6)
  3 humans (Lair:6)
  2 orcs (Orc:2)
  61 fungi
  75 plants
142 creatures vanquished.

Grand Total: 904 creatures vanquished

Notes
Turn   | Place    | Note
-------+----------+-------------------------------------------
     0 | D:1      | Mesmaeker13 the Ghoul Warper began the quest for the Orb.
     0 | D:1      | Reached XP level 1. HP: 17/17 MP: 2/2
   130 | D:1      | Reached skill level 1 in Throwing
   130 | D:1      | Reached skill level 1 in Armour
   215 | D:1      | Reached XP level 2. HP: 25/25 MP: 3/3
   250 | D:1      | Found a faded altar of an unknown god.
   694 | D:1      | Reached XP level 3. HP: 30/30 MP: 4/4
  1363 | D:2      | Noticed Robin
  2056 | D:2      | Killed Robin
  2057 | D:2      | Reached skill level 3 in Unarmed Combat
  2328 | D:2      | Reached XP level 4. HP: 26/37 MP: 5/5
  2931 | D:2      | Noticed Sigmund
  3152 | D:3      | Found Lonibel's Antique Weapon Shop.
  3300 | D:3      | Reached XP level 5. HP: 42/45 MP: 6/6
  3489 | D:3      | Found Gamiav's Book Shop.
  3561 | D:3      | Found a hide-covered altar of Uskayaw.
  3561 | D:3      | Found a snail-covered altar of Cheibriados.
  3561 | D:3      | Found an ornate altar of the Wu Jian Council.
  4493 | D:4      | Reached XP level 6. HP: 35/52 MP: 7/7
  4635 | D:4      | Reached skill level 4 in Unarmed Combat
  4792 | D:4      | Noticed a necrophage
  4819 | D:4      | Killed a necrophage
  4969 | D:4      | Found a staircase to the Ecumenical Temple.
  4974 | D:4      | Identified the -2 pair of gloves of Entitlement {Will+}
  4996 | Temple   | Entered the Ecumenical Temple
  5094 | Temple   | Became a worshipper of Nemelex Xobeh the Trickster
  5586 | D:5      | Entered Level 5 of the Dungeon
  5606 | D:5      | Reached XP level 7. HP: 45/60 MP: 8/8
  5610 | D:5      | Learned a level 2 spell: Blink
  5999 | D:5      | Got the Incunabulum of Shifting Slavery
  6044 | D:5      | Reached skill level 5 in Unarmed Combat
  6135 | D:5      | Reached skill level 5 in Fighting
  6345 | D:5      | Reached XP level 8. HP: 53/68 MP: 9/9
  6693 | D:5      | Identified the +10 spear "Gewu" {vorpal, *Noise +Rage Str+7
                  | Int-3}
  6985 | D:6      | Reached skill level 6 in Unarmed Combat
  7051 | D:6      | Reached skill level 5 in Translocations
  7208 | D:6      | Reached skill level 5 in Armour
  7352 | D:6      | Reached XP level 9. HP: 69/79 MP: 10/10
  7467 | D:6      | Reached * piety under Nemelex Xobeh
  7646 | D:6      | Found Unitua's Distillery.
  8330 | D:7      | Reached skill level 7 in Unarmed Combat
  8471 | D:7      | Received a gift from Nemelex Xobeh
  8717 | D:7      | Reached skill level 1 in Invocations
  8849 | D:7      | Reached XP level 10. HP: 75/91 MP: 11/11
  8941 | D:7      | Noticed Menkaure
  8953 | D:7      | Killed Menkaure
  8954 | D:7      | Reached skill level 8 in Unarmed Combat
  9450 | D:7      | Identified the ring of Diqen {Wiz rC+}
  9464 | D:7      | Learned a level 3 spell: Gell's Gravitas
  9644 | D:8      | Reached skill level 10 in Fighting
 10207 | D:8      | Reached ** piety under Nemelex Xobeh
 10796 | D:9      | Noticed Grum
 10953 | D:9      | Noticed Maurice
 10986 | D:8      | Killed Maurice
 11168 | D:9      | Noticed a five-headed hydra
 11742 | D:9      | Reached XP level 11. HP: 20/102 MP: 13/13
 12061 | D:9      | Received a gift from Nemelex Xobeh
 12215 | D:9      | Reached skill level 9 in Unarmed Combat
 12425 | D:9      | Killed a five-headed hydra
 12426 | D:9      | Reached skill level 5 in Invocations
 12585 | D:9      | Found an iron altar of Okawaru.
 12923 | D:10     | Entered Level 10 of the Dungeon
 13404 | D:10     | Received a gift from Nemelex Xobeh
 14225 | D:9      | Killed Grum
 14482 | D:10     | Found a staircase to the Lair.
 14617 | D:10     | Found a portal to a secret trove of treasure.
 14657 | D:10     | Found Eqyxzed's Armour Shoppe.
 14700 | D:10     | Identified the +2 ring mail of Efesiw {Contam rPois Dex+3}
 14710 | D:10     | Reached *** piety under Nemelex Xobeh
 15196 | Lair:1   | Entered Level 1 of the Lair of Beasts
 15408 | Lair:1   | Received a gift from Nemelex Xobeh
 15409 | Lair:1   | Found a dark tunnel.
 15420 | Volcano  | Entered a volcano
 15782 | Volcano  | Noticed a sun demon
 15805 | Volcano  | Killed a sun demon
 15854 | Volcano  | Noticed a sun demon
 15855 | Volcano  | Reached skill level 10 in Unarmed Combat
 15866 | Volcano  | Killed a sun demon
 15867 | Volcano  | Reached XP level 12. HP: 60/113 MP: 14/16
 16054 | Volcano  | Noticed a sun demon
 16066 | Volcano  | Killed a sun demon
 16406 | Volcano  | Noticed a sun demon
 16416 | Volcano  | a sun demon changed into a smoke demon
 16759 | Volcano  | Noticed a fire dragon
 16761 | Volcano  | Identified the +1 trident "Konuok" {flame, MP+9}
 16770 | Volcano  | Killed a fire dragon
 17686 | Lair:2   | Identified 3 scrolls of acquirement
 17687 | Lair:2   | Acquired a manual of Unarmed Combat
 17692 | Lair:2   | Acquired a +1 pair of boots of flying
 17704 | Lair:2   | Acquired 553 gold pieces
 18311 | Lair:2   | Noticed Maggie
 18420 | Lair:2   | Received a gift from Nemelex Xobeh
 18614 | Lair:2   | Noticed a four-headed hydra
 18620 | Lair:2   | Noticed an eight-headed hydra
 18628 | Lair:2   | Killed a four-headed hydra
 18637 | Lair:2   | Killed an eight-headed hydra
 18638 | Lair:2   | Reached skill level 11 in Unarmed Combat
 18696 | Lair:2   | Killed Maggie
 18865 | Lair:2   | Found a staircase to the Swamp.
 18906 | Lair:2   | Reached **** piety under Nemelex Xobeh
 18930 | Lair:2   | Got Tany's Papyrus of Feathers
 19739 | Lair:3   | Found a staircase to the Snake Pit.
 19771 | Lair:2   | Reached XP level 13. HP: 93/123 MP: 19/19
 20532 | Lair:3   | Reached skill level 12 in Unarmed Combat
 20532 | Lair:3   | Reached skill level 5 in Spellcasting
 21035 | Lair:3   | Received a gift from Nemelex Xobeh
 21415 | Lair:4   | Found a burning altar of Makhleb.
 23685 | Lair:4   | Reached skill level 13 in Unarmed Combat
 23923 | Lair:4   | Received a gift from Nemelex Xobeh
 24695 | Lair:5   | Reached ***** piety under Nemelex Xobeh
 24896 | Lair:6   | Entered Level 6 of the Lair of Beasts
 25428 | Lair:6   | Reached skill level 10 in Invocations
 25461 | Lair:6   | Noticed Kirke
 25478 | Lair:6   | Reached XP level 14. HP: 133/133 MP: 22/22
 25508 | Lair:6   | Killed Kirke
 25898 | Lair:6   | Received a gift from Nemelex Xobeh
 25968 | Lair:6   | Noticed Urug
 25993 | Lair:6   | Noticed Sonja
 25995 | Lair:6   | Killed Urug
 25996 | Lair:6   | Reached skill level 5 in Dodging
 26027 | Lair:6   | Killed Sonja
 26480 | Lair:6   | Found a viscous altar of Jiyva.
 26688 | Lair:6   | Found a staircase to the Slime Pits.
 26825 | Lair:6   | Reached skill level 14 in Unarmed Combat
 28679 | Lair:6   | Reached skill level 15 in Fighting
 29604 | Lair:6   | Found a corrupted altar of Lugonu.
 29604 | Lair:6   | Found a one-way gate to the infinite horrors of the Abyss.
 30339 | D:11     | Received a gift from Nemelex Xobeh
 30580 | D:11     | Noticed Nergalle
 30606 | D:11     | Killed Nergalle
 31443 | D:11     | Received a gift from Nemelex Xobeh
 31448 | D:11     | Acquired 957 gold pieces
 31482 | D:11     | Found a staircase to the Orcish Mines.
 31730 | D:11     | Noticed Snorg
 32297 | D:11     | Killed Snorg
 32661 | D:11     | Noticed Josephine
 32681 | D:11     | Killed Josephine
 32690 | D:11     | Reached skill level 15 in Unarmed Combat
 32761 | D:11     | Found a runed translucent door.
 33579 | D:11     | Reached XP level 15. HP: 39/141 MP: 25/25
 34342 | D:11     | Identified the +6 hand crossbow of Fragile Peace {vorpal,
                  | rElec rC+ rN+ Will-}
 34470 | Orc:1    | Entered Level 1 of the Orcish Mines
 34470 | Orc:1    | Found Asuopeod's Firing Range.
 34816 | Orc:1    | Noticed Harold
 34829 | Orc:1    | Killed Harold
 35387 | Orc:2    | Entered Level 2 of the Orcish Mines
 35532 | Orc:2    | Found Nocue's Distillery.
 35569 | Orc:2    | Found Poto's Antique Weapon Emporium.
 35645 | Orc:2    | Received a gift from Nemelex Xobeh
 35655 | Orc:2    | Found Hemaibb's Antique Armour Shop.
 35686 | Orc:2    | Found Zagetter's Antique Weapon Emporium.
 35882 | Orc:2    | Found a staircase to the Elven Halls.
 36166 | Orc:2    | Identified the +1 hat "Omyole" {Rampage Int+3}
 37308 | D:12     | Reached skill level 16 in Unarmed Combat
 37489 | D:12     | Received a gift from Nemelex Xobeh
 39147 | D:13     | Noticed Nessos
 39513 | D:13     | Noticed Nessos
 39513 | D:13     | Nessos changed into Nessos the raiju
 39523 | D:13     | Killed Nessos the raiju
 40058 | D:13     | Found an iron altar of Okawaru.
 40066 | D:13     | Received a gift from Nemelex Xobeh
 40118 | D:13     | Found a gate to the Vaults.
 40583 | D:14     | Reached XP level 16. HP: 143/151 MP: 27/27
 41031 | D:14     | Noticed Roxanne
 41050 | D:14     | Killed Roxanne
 41193 | D:14     | Reached skill level 17 in Unarmed Combat
 41334 | D:14     | Received a gift from Nemelex Xobeh
 41820 | D:15     | Entered Level 15 of the Dungeon
 42526 | D:15     | Reached ****** piety under Nemelex Xobeh
 42710 | D:15     | Found a staircase to the Depths.
 43419 | D:15     | Received a gift from Nemelex Xobeh
 44396 | Snake:1  | Entered Level 1 of the Snake Pit
 44786 | Snake:1  | Identified the +2 ring mail "Filus" {Dex+4 Stlth+}
 45382 | Lair:3   | Learned a level 3 spell: Lesser Beckoning
 48177 | Lair:3   | Slain by a guardian serpent

Illustrated notes

Levels and vault maps discovered:
D:1:      psy_arrival_fountain, layout_loops_ring, ebering_ecumenical_altar_webs
D:2:      layout_basic, minmay_tree_intersection, uniq_crazy_yiuf_cottage,
          uniq_robin, uniq_sigmund
D:3:      layout_rooms, gammafunk_temple_overflow_claw, serial_shops,
          shop_statue, shop, minmay_snake_closets
D:4:      layout_cave_pools, elyvilon_altar_1, minmay_temple_entry_proselytizer,
          wad_floor_pattern_untrapped, st_stairs_3, palyth_stone_intersect,
          minivault_5, corexii_corridor_pit, kennysheep_another_room
D:5:      layout_rooms, minmay_manual_mullet
D:6:      layout_loops_ring, serial_shops, kennysheep_little_box
D:7:      layout_cave_pools, uniq_menkaure
D:8:      layout_rooms
D:9:      layout_stronghold, mainiacjoe_overflow_cross_hatched, uniq_maurice,
          uniq_grum
D:10:     layout_rooms, nicolae_overflow_hidden_temple,
          erik_lair_orcish_takeover, serial_shops, nicolae_inconvenience_store,
          enter_trove_1, minmay_misc_feat_enclosed, hangedman_tell_no_tales
D:11:     minmay_the_grid_triangle_9x9_rhombus_full_mashed
          [minmay_the_grid_triangle_9x9_zippers_vertical,
          minmay_the_grid_triangle_9x9_shrine,
          minmay_the_grid_triangle_9x9_corrupted_corridor,
          minmay_the_grid_triangle_9x9_subtriangle,
          minmay_the_grid_triangle_9x9_odd_lines,
          minmay_the_grid_triangle_9x9_impossible_snake,
          minmay_the_grid_triangle_9x9_wacky_v,
          minmay_the_grid_triangle_9x9_prize_top_heavy], layout_cave_pods,
          david_orc_3, eino_house_with_fridge, uniq_josephine, uniq_snorg,
          uniq_nergalle
D:12:     layout_basic
D:13:     layout_cave_pools, erik_vaults_1, okawaru_trees_1, uniq_nessos
D:14:     layout_loops_ring, hangedman_decor_diamond_cutter, uniq_roxanne
D:15:     grunt_enter_depths_giant_problem, layout_basic, interstate_on_off,
          lemuel_flamethrower_2
Temple:   regret_index_temple_sphere_string
Lair:1:   layout_regular_city, enter_volcano_2
Lair:2:   layout_gridlike, palyth_hydra_swamp_entry,
          infiniplex_staircase_pool_2, uniq_maggie
Lair:3:   layout_regular_city, guppyfry_snake_entry_island
Lair:4:   layout_hall_layers, basic_altar, lemuel_fruit_tree
Lair:5:   layout_loops_ring
Lair:6:   hellmonk_lair_end_abyssal_woods, layout_regular_city, slime_altar_1,
          lemuel_old_faithful, uniq_urug, uniq_kirke, uniq_sonja
Snake:1:  layout_cave_shapes, serial_shops, nicolae_shop_waterfront,
          grunt_megastairs_3, minmay_shop_star
Orc:1:    layout_caves, nicolae_shop_firing_range, uniq_harold
Orc:2:    st_orc_town, layout_diamond_mine, hangedman_minor_magic

Skill      XL: |  1  2  3  4  5  6  7  8  9 10 11 12 13 14 15 16 |
---------------+-------------------------------------------------+-----
Throwing       | 1 2 |  2.3
Armour         | 1 2 3 4 5 6 7 8 9 |  9.2
Unarmed Combat | 3 4 5 6 7 8 10 11 13 15 16 17 | 17.7
Fighting       | 3 4 5 7 9 11 12 13 14 15 16 | 16.8
Translocations | 3 4 5 6 7 8 |  8.4
Invocations    | 2 4 6 8 10 11 12 13 | 13.2
Spellcasting   | 2 4 6 7 8 |  8.2
Dodging        | 4 6 8 9 |  9.3

Action                   |  1- 3 |  4- 6 |  7- 9 | 10-12 | 13-15 | 16-18 || total
-------------------------+-------+-------+-------+-------+-------+-------++-------
Melee: Unarmed           |   127 |   245 |   423 |   975 |  1864 |   484 ||  4118
       Punch             |     2 |     1 |    10 |    39 |   101 |    36 ||   189
       Spear             |       |       |       |    17 |    37 |     7 ||    61
Throw: Boomerang         |       |     2 |       |       |     1 |       ||     3
 Cast: Gell's Gravitas   |       |       |       |     1 |     3 |     4 ||     8
       Blink             |       |       |       |       |     1 |       ||     1
       Lesser Beckoning  |       |       |       |       |       |     1 ||     1
Invok: Draw Destruction  |       |       |     1 |    12 |    16 |     4 ||    33
       Draw Summoning    |       |       |       |     8 |     5 |     2 ||    15
       Triple Draw       |       |       |       |     1 |       |       ||     1
       Draw Escape       |       |       |       |     1 |     1 |       ||     2
       Deal Four         |       |       |       |       |     1 |       ||     1
Evoke: Wand              |       |       |     2 |    21 |    33 |     8 ||    64
  Use: Scroll            |       |     4 |     3 |     7 |    11 |     9 ||    34
       Potion            |       |       |       |     3 |       |     8 ||    11
 Stab: Sleeping          |       |     2 |       |       |       |       ||     2
Armor: Leather armour    |    26 |       |       |       |       |       ||    26
       Animal skin       |       |    75 |    55 |       |       |       ||   130
       Chain mail        |       |       |   135 |   568 |  1228 |   291 ||  2222
Dodge: Dodged            |    71 |   113 |   144 |   270 |   652 |   221 ||  1471
Block: Other             |       |    42 |    91 |   218 |   417 |   112 ||   880
       Reflection        |       |       |     3 |     2 |    21 |     9 ||    35

Table legend: (Time is in decaauts)
 A = Elapsed time spent in this place.
 B = Non-inter-level travel time spent in this place.
 C = Inter-level travel time spent in this place.
 D = Time resting spent in this place.
 E = Time spent auto-exploring this place.
 F = Levels seen in this place.
 G = Mean time per level.
                   A        B        C        D        E       F      G
               +--------+--------+--------+--------+--------+-----+--------+
         Total |  47353 |  45681 |   1672 |  20650 |  16592 |  26 | 1821.3 |
       Dungeon |  27036 |  26170 |    866 |  10715 |  10842 |  15 | 1802.4 |
        Temple |    142 |    135 |      7 |      0 |    128 |   1 |  142.0 |
          Lair |  16280 |  15522 |    758 |   8365 |   4589 |   6 | 2713.3 |
     Snake Pit |    611 |    610 |      1 |    301 |     26 |   1 |  611.0 |
  Orcish Mines |   1787 |   1748 |     39 |    191 |    901 |   2 |  893.5 |
       Volcano |   1495 |   1495 |      0 |   1078 |    106 |   1 | 1495.0 |
               +--------+--------+--------+--------+--------+-----+--------+

Top non-repeatable levels by time:
  Lair:3: 5326 daAuts
  Lair:6: 4765 daAuts
    D:11: 4317 daAuts
    D:15: 2414 daAuts
     D:8: 2251 daAuts
    D:12: 2224 daAuts
  Lair:2: 2205 daAuts
    D:10: 2174 daAuts
     D:1: 1980 daAuts
     D:9: 1787 daAuts
  Lair:4: 1735 daAuts
 Volcano: 1495 daAuts
     D:6: 1405 daAuts
     D:2: 1341 daAuts
     D:7: 1310 daAuts
